 Dungeon Crawl Stone Soup version 0.25-a0-424-g80bd347ae0 (webtiles) character file.

Game seed: 16864936048593594905, levelgen mode: deterministic

4 MirrMurr the Sneak (level 1, 0/9 HPs)
             Began as a Spriggan Enchanter on Jan 21, 2020.
             Hit by a stone thrown by a kobold (2 damage)
             ... on level 1 of the Dungeon.
             The game lasted 00:00:46 (70 turns).

MirrMurr the Sneak (Spriggan Enchanter)               Turns: 70, Time: 00:00:46

Health: 0/9        AC:  2    Str:  4    XL:     1   Next: 50%
Magic:  5/5        EV: 18    Int: 16    God:
Gold:   0          SH:  0    Dex: 16    Spells: 4/5 levels left

rFire    . . .     SeeInvis +   a - +1 dagger
rCold    . . .     Gourm    .   (shield restricted)
rNeg     . . .     Faith    .   b - +0 robe
rPois    .         Spirit   .   (helmet restricted)
rElec    .         Reflect  .   (no cloak)
rCorr    .         Harm     .   (gloves unavailable)
MR       .....                  (boots unavailable)
Stlth    +++.......             (no amulet)
HPRegen  0.03/turn              (no ring)
MPRegen  0.09/turn              (no ring)

@: very quick
A: very small, unfitting armour, see invisible, herbivore, speed 3, slow
metabolism 2
a: no special abilities


You were on level 1 of the Dungeon.
You were not hungry.

You visited 1 branch of the dungeon, and saw 1 of its levels.

Inventory:

Hand Weapons
 a - a +1 dagger (weapon)
Armour
 b - a +0 robe (worn)
Comestibles
 c - 2 rations


   Skills:
 + Level 1.4 Short Blades
 - Level 3.0 Dodging
 + Level 4.6 Stealth
 - Level 2.6 Spellcasting
 - Level 3.6 Hexes


You had 4 spell levels left.
You knew the following spells:

 Your Spells              Type           Power        Failure   Level  Hunger
C - Corona                Hex            ##.....      4%          1    #......

Your spell library contained the following spells:

 Spells                   Type           Power        Failure   Level  Hunger
 Confusing Touch          Hex            ##......     13%         3    ###....
 Tukima's Dance           Hex            ##......     13%         3    ###....
 Ensorcelled Hibernation  Hex/Ice        #.....       14%         2    ##.....
 Dazzling Flash           Conj/Hex       #.....       28%         3    ###....


Dungeon Overview and Level Annotations

Branches:
Dungeon (1/15)

Altars:


Innate Abilities, Weirdness & Mutations

You are very small and have problems with some larger weapons.
You are too small for most types of armour.
You have supernaturally acute eyesight. (SInv)
You are a herbivore.
You cover ground extremely quickly.
You need to consume almost no food.


Message History

The stone completely misses you.
You closely miss the kobold. The kobold hits you.
You are too injured to fight recklessly!
You are too injured to fight recklessly!
The bat closely misses you. The bat closely misses you.
The bat completely misses you. The bat completely misses you.
A rat comes into view.
The bat hits you but does no damage.
You hit the bat.
You kill the bat!
The kobold throws a stone.
The stone hits you.
* * * LOW HITPOINT WARNING * * *
You see here a stone.
The helpless rat fails to defend itself.
You impale the rat!!
You kill the rat!
The kobold throws a stone.
The stone hits you.
You die...

.<# .###### #.. #
......# #.# .#
......##+### #.# ..#
...........# ..####..#
...........#.##.#.....
...........# .......
......)....# ##.#.#
####.......# #..@†#
#.......# #..###
#.......# #..#
#.#.....# #..#
#.#####.###..# #.#
#...K..# #.# ##.###.#
#.. #.(##.#
###.#####.##.#


You could see a kobold.

Vanquished Creatures
  3 bats (D:1)
  2 rats (D:1)
5 creatures vanquished.

Notes
Turn   | Place    | Note
-------+----------+-------------------------------------------
     0 | D:1      | MirrMurr the Spriggan Enchanter began the quest for the
                  | Orb.
     0 | D:1      | Reached XP level 1. HP: 9/9 MP: 5/5
    70 | D:1      | Hit by a stone thrown by a kobold

Levels and vault maps discovered:
D:1:      saegor_arrival_simple_a, layout_basic, minmay_misc_feat_tower,
          minmay_hexomino_r4

Action                   || total
-------------------------++-------
Melee: Dagger            ||    18
 Stab: Sleeping          ||     1
Armor: Robe              ||     4
Dodge: Dodged            ||    31

Table legend:
 A = Non-vault XP
 B = Vault XP
 C = Vault XP percentage of total XP
 D = Non-vault monster count
 E = Vault monster count
 F = Vault count percentage of total count
                 A         B        C        D         E       F
            +---------+---------+-------+---------+---------+-------
      Total |       6 |       0 |   0.0 |       5 |       0 |   0.0
            +---------+---------+-------+---------+---------+-------
        D:1 |       6 |       0 |   0.0 |       5 |       0 |   0.0
            +---------+---------+-------+---------+---------+-------
